 Dungeon Crawl Stone Soup version 0.23.1-37-gaa34b87b72 (webtiles) character file.

Game seed: 14682484514939946261

95 Morbidden the Skirmisher (level 4, 0/37 HPs)
             Began as a Demonspawn Fighter on Mar 23, 2019.
             Slain by a worm (8 damage)
             ... on level 2 of the Dungeon.
             The game lasted 00:02:07 (1044 turns).

Morbidden the Skirmisher (Demonspawn Fighter)       Turns: 1044, Time: 00:02:08

Health: 0/37       AC:  6    Str: 22    XL:     4   Next: 40%
Magic:  4/4        EV:  9    Int: 10    God:
Gold:   61         SH: 10    Dex: 19    Spells: 3/3 levels left

rFire    . . .     SeeInvis .   a - +0 war axe
rCold    . . .     Gourm    .   c - +0 shield
rNeg     . . .     Faith    .   b - +0 scale mail
rPois    .         Spirit   .   (no helmet)
rElec    .         Reflect  .   (no cloak)
rCorr    .         Harm     .   (no gloves)
MR       .....                  (no boots)
Stlth    ..........             (no amulet)
HPRegen  0.12/turn              g - +5 ring of dexterity
MPRegen  0.09/turn              j - +2 ring of dexterity

@: mighty, slowed, very slow
A: hooves 2, repulsion field 1
a: no special abilities


You were on level 2 of the Dungeon.
You were hungry.

You visited 1 branch of the dungeon, and saw 2 of its levels.

You collected 61 gold pieces.

Inventory:

Hand Weapons
 a - a +0 war axe (weapon)
Armour
 b - a +0 scale mail (worn)
 c - a +0 shield (worn)
Jewellery
 g - a +5 ring of dexterity (left hand)
 j - a +2 ring of dexterity (right hand)
 k - an uncursed ring of protection from fire {unknown}
Scrolls
 e - a scroll of magic mapping
 i - 2 scrolls of remove curse {unknown}
Potions
 h - 2 potions of agility {unknown}
 l - a potion of berserk rage {unknown}
Comestibles
 f - 3 rations


   Skills:
 * Level 3.8 Fighting
 + Level 3.0 Axes
 + Level 3.2 Armour
 + Level 0.1 Dodging
 + Level 2.8 Shields


You had 3 spell levels left.
You didn't know any spells.
Your spell library was empty.

Dungeon Overview and Level Annotations

Branches:
Dungeon (2/15)

Altars:
Ru


Innate Abilities, Weirdness & Mutations

You have hoof-like feet.
You are surrounded by a mild repulsion field. (EV +2)


Message History

Natasha casts a spell at you. You resist with some effort.
You block Natasha's attack. The worm bites you.
* * * LOW HITPOINT WARNING * * *
Unknown command.
The crimson imp blinks!
Natasha casts a spell at you. The magic dart hits you.
* * * LOW HITPOINT WARNING * * *
Unknown command.
Unknown command.
Unknown command.
Your shield prevents you from hitting the worm.
You kick the worm!
The worm is almost dead.
You hit Natasha.
You kill Natasha!
Natasha screams in fury as she dies!
Your Axes skill increases to level 3!
The worm bites you!
You die...

#.#...#.#
##.#.#..##########
##.#...##>......#
#.......+.......+ #
#..######.......##.
######..#
#.<#..........
........#
#.##..ยง..!.##
.######.###.##..w.....#
(...........##..@[....#
..#####.######.##+###.#
..## #.# #$# # ...# #.#
#.# ...## #.# #.# ....#
#.# #.# ....###.# #.#
.....##.# #.#+#####
..##.##.######........


You could see a worm.

Vanquished Creatures
  Natasha (D:2)
  2 adders (D:2)
  An ooze (D:2)
  4 worms (D:2)
  A dart slug (D:2)
  A leopard gecko (D:1)
  3 bats
  5 goblins
  4 hobgoblins
  3 jackals (D:1)
  5 frilled lizards
  4 kobolds (D:1)
  3 rats
37 creatures vanquished.

Notes
Turn   | Place    | Note
-------+----------+-------------------------------------------
     0 | D:1      | Morbidden the Demonspawn Fighter began the quest for the
                  | Orb.
     0 | D:1      | Reached XP level 1. HP: 18/18 MP: 1/1
    74 | D:1      | Gained mutation: You have large cloven feet. [demonic
                  | ancestry]
    74 | D:1      | Reached XP level 2. HP: 24/24 MP: 2/2
   455 | D:2      | Found a sacrificial altar of Ru.
   467 | D:2      | Gained mutation: You have hoof-like feet. [demonic
                  | ancestry]
   467 | D:2      | Reached XP level 3. HP: 29/29 MP: 3/3
   960 | D:2      | Gained mutation: You are surrounded by a mild repulsion
                  | field. (EV +2) [demonic ancestry]
   960 | D:2      | Reached XP level 4. HP: 29/37 MP: 4/4
  1031 | D:2      | Noticed Natasha
  1044 | D:2      | Killed Natasha
  1044 | D:2      | Slain by a worm

Skill      XL: |  1  2  3  4 |
---------------+-------------+-----
Armour         | 3 |  3.2
Axes           | 2 3 |  3.0
Fighting       | |  3.8
Dodging        | |  0.1
Shields        | |  2.8

Action                   |  1- 3 |  4- 6 || total
-------------------------+-------+-------++-------
Melee: War axe           |    72 |     9 ||    81
       Kick              |    20 |     3 ||    23
  Use: Scroll            |     1 |       ||     1
       Potion            |       |     1 ||     1
Armor: Scale mail        |    27 |     2 ||    29
Dodge: Dodged            |    21 |     2 ||    23
Block: Shield            |    39 |     6 ||    45
